Map: Eternal Empire LE

Players

ToIsengard - Winner!

  • Race: Protoss Protoss
  • League: Grandmaster
  • Spawn Location: 1:00

A.I. 1 (Very Easy)

  • Race: Protoss Protoss
  • Spawn Location: 7:00

VOD

https://www.youtube.com/watch?v=oEBm0miByOs

Description

Time

  • Played on: July 28, 2020, 4:47 a.m.
  • Length: 22:57
Show
View Real Time Build Order
Export as new Build Order

ToIsengard Protoss - Winner!

Build Orders: 1 Gate Expand, Oracle Opening, Zealot Archon 

Get SALT Encoding   

  12  0:00  Probe  
  13  0:13  Probe  
  14  0:18  Pylon  
  14  0:25  Probe  
  15  0:37  Probe (Chrono Boost)  
  15  0:40  Gateway  
  16  0:47  Probe (Chrono Boost)  
  16  0:49  Assimilator  
  17  0:52  Probe (Chrono Boost)  
  18  1:03  Probe  
  19  1:15  Probe  
  20  1:25  Nexus  
  20  1:32  Cybernetics Core  
  20  1:35  Probe  
  21  1:41  Assimilator  
  21  1:47  Probe  
  21  1:51  Pylon  
  22  1:59  Probe  
  23  2:06  Adept (Chrono Boost)  
  23  2:11  Probe  
  26  2:20  Stargate  
  26  2:23  Probe (Chrono Boost)  
  26  2:29  Adept  
  29  2:36  Probe (Chrono Boost)  
  29  2:37  Warp Gate  
  30  2:39  Probe (Chrono Boost)  
  32  2:44  Probe (Chrono Boost)  
  32  2:46  Probe (Chrono Boost)  
  32  2:51  Probe (Chrono Boost)  
  34  2:52  Probe (Chrono Boost)  
  35  3:01  Oracle (Chrono Boost)  
  35  3:02  Probe  
  35  3:05  Probe  
  40  3:06  Gateway  
  40  3:12  Pylon  
  40  3:14  Probe  
  40  3:17  Probe  
  42  3:24  Adept  
  42  3:26  Probe  
  45  3:29  Probe  
  45  3:33  Oracle (Chrono Boost)  
  46  3:38  Probe  
  46  3:39  Pylon  
  50  3:41  Probe  
  51  3:50  Probe  
  51  3:52  Nexus  
  52  3:56  Pylon  
  52  3:58  Probe  
  54  4:02  Probe  
  54  4:06  Robotics Facility  
  54  4:10  Probe (Chrono Boost)  
  54  4:12  Assimilator  
  54  4:17  Assimilator  
  56  4:19  Probe (Chrono Boost)  
  56  4:21  Forge  
  56  4:22  Twilight Council  
  57  4:25  Probe (Chrono Boost)  
  57  4:29  Probe (Chrono Boost)  
  57  4:30  Probe (Chrono Boost)  
  58  4:32  Zealot, Sentry  
  63  4:39  Probe  
  63  4:40  Probe  
  63  4:41  Shield Battery  
  63  4:44  Pylon  
  65  4:51  Probe  
  65  4:52  Probe  
  67  4:53  Protoss Ground Weapons Level 1 (Chrono Boost), Observer  
  68  5:03  Probe (Chrono Boost), Charge  
  68  5:06  Probe (Chrono Boost)  
  71  5:07  Gateway x2  
  71  5:09  Probe (Chrono Boost)  
  72  5:15  Probe (Chrono Boost)  
  72  5:16  Probe (Chrono Boost)  
  72  5:18  Gateway  
  72  5:19  Probe x2 (Chrono Boost), Gateway  
  72  5:21  Probe (Chrono Boost)  
  76  5:28  Probe, Assimilator  
  76  5:29  Probe  
  76  5:32  Assimilator  
  78  5:35  Probe  
  78  5:36  Templar Archives  
  78  5:41  Probe  
  78  5:42  Probe  
  81  5:45  Pylon  
  81  5:48  Probe  
  82  5:51  Gateway x2  
  82  5:54  Probe  
  84  6:00  Warp Prism (Chrono Boost), Gateway  
  84  6:01  Pylon  
  84  6:02  Pylon  
  85  6:05  Probe  
  85  6:10  Pylon  
  86  6:13  High Templar x4  
  86  6:16  Zealot, Pylon  
  86  6:17  Zealot  
  86  6:18  Archon x2  
  98  6:21  Pylon  
  98  6:27  Probe  
  98  6:30  Pylon  
  99  6:40  High Templar  
  99  6:41  High Templar  
  99  6:44  Nexus  
  99  6:45  Zealot x3  
  99  6:46  Zealot  
  111  6:47  Zealot, Archon  
  111  6:48  Zealot  
  111  6:52  Protoss Ground Weapons Level 2  
  115  6:55  Zealot  
  117  7:02  Probe  
  117  7:03  Probe  
  117  7:04  Pylon  
  119  7:08  Pylon  
  119  7:27  Probe, Immortal (Chrono Boost)  
  124  7:30  Phoenix (Chrono Boost), Probe  
  124  7:33  High Templar x3  
  124  7:34  Zealot x2, High Templar  
  124  7:35  Zealot  
  141  7:37  Probe  
  141  7:38  Shield Battery  
  141  7:39  Photon Cannon  
  141  7:40  Photon Cannon  
  142  7:45  Archon x2  
  140  7:52  Probe x2 (Chrono Boost)  
  140  7:53  Probe (Chrono Boost)  
  140  7:55  Forge  
  144  7:59  Immortal (Chrono Boost)  
  144  8:00  Unknown  
  144  8:01  Probe (Chrono Boost)  
  144  8:04  Probe (Chrono Boost)  
  150  8:07  High Templar x2  
  150  8:09  Probe (Chrono Boost)  
  154  8:14  Archon  
  154  8:31  Immortal  
  158  13:34  Zealot x6  
  158  13:35  Zealot x3  
  158  13:40  Immortal (Chrono Boost)  
  180  13:48  Robotics Facility  
  180  13:51  Robotics Facility  
  180  13:52  Robotics Facility  
  180  13:54  Robotics Facility  
  180  13:56  Pylon  
  180  14:06  Pylon  
  180  14:08  Pylon  
  180  14:11  Pylon  
  180  14:12  Pylon x2  
  180  14:14  Immortal, Pylon  
  180  14:16  Pylon  
  184  14:28  Pylon  
  184  14:31  Pylon  
  184  14:33  Pylon  
  184  14:34  Pylon  
  184  14:53  Immortal  
  188  15:33  Immortal  
  192  16:12  Immortal  
Show
View Real Time Build Order
Export as new Build Order

A.I. 1 (Very Easy) Protoss 

Build Orders:  

Get SALT Encoding   

  12  0:00  Probe  
  13  0:13  Probe  
  14  0:19  Pylon  
  14  0:37  Assimilator  
  14  0:42  Gateway  
  14  0:46  Pylon  
  14  1:12  Assimilator  
  14  1:22  Zealot  
  14  1:23  Probe  
  14  1:31  Probe  
  14  1:32  Cybernetics Core  
  18  1:41  Probe  
  19  1:53  Probe  
  20  1:57  Warp Gate  
  20  2:02  Probe  
  21  2:10  Probe  
  22  2:45  Stalker  
  24  4:03  Probe  
  20  4:11  Probe  
  21  4:20  Probe  
  22  4:30  Probe  
  23  4:42  Probe  
  24  5:29  Probe  
  21  5:37  Probe  
  13  5:47  Probe  
  13  5:59  Probe  
  14  6:11  Probe  
  15  6:19  Probe  
  16  6:27  Probe  
  17  6:38  Probe  
  18  6:50  Probe  
  19  7:02  Probe  
  20  7:13  Probe  
  21  7:21  Probe  
  21  7:27  Adept  
  21  7:29  Pylon  
  24  7:30  Probe  
  24  7:32  Robotics Facility  
  24  7:35  Nexus  
  25  7:40  Probe  
  26  7:53  Probe  
  27  8:05  Probe  
  28  8:16  Probe  
  29  8:22  Observer  
  29  8:24  Probe  
  29  8:25  Stalker  
  30  8:33  Probe  
  29  8:34  Pylon  
  29  8:37  Observer  
  31  8:48  Probe  
  32  8:56  Probe, Assimilator  
  32  9:00  Assimilator  
  33  9:03  Probe  
  34  9:10  Probe  
  34  9:17  Probe  
  34  9:22  Zealot  
  37  9:24  Probe  
  37  9:27  Probe  
  39  9:38  Probe  
  39  9:42  Probe  
  41  9:53  Probe  
  41  9:56  Probe  
  43  10:07  Probe  
  44  10:14  Probe  
  45  10:21  Probe  
  45  10:27  Probe  
  47  10:36  Probe  
  48  13:03  Warp Prism  
  48  13:09  Zealot  
  48  13:10  Gateway  
  52  13:13  Robotics Bay  
  52  13:15  Stargate  
  52  13:16  Pylon  
  52  13:32  Observer  
  48  13:40  Zealot  
  49  13:46  Warp Prism  
  46  13:59  Probe, Gravitic Boosters  
  46  14:01  Gateway  
  15  14:11  Stalker  
  15  14:13  Probe  
  11  14:18  Observer  
  7  14:25  Probe  
  7  14:37  Probe  
  8  14:40  Stalker, Observer  
  8  14:50  Probe  
  8  15:02  Probe  
  8  15:08  Stalker  
  8  15:14  Probe  
  8  15:26  Probe  
  8  15:28  Void Ray  
  8  15:38  Probe  
  11  16:05  Stalker  
  11  16:34  Stalker  
Tags
 
Add a new tag
Caveats
  • Supply blocks, unpowered buildings, or Contaminate may cause inaccurate times.
  • Supply counts are checked every 10 seconds.